 Dungeon Crawl Stone Soup version 0.27-a0-1200-g94dc6ad4cf (webtiles) character file.

Game seed: 3147146428414795158

265789 Delamore the Bludgeoner (level 20, 0/129 HPs)
             Began as a Gargoyle Fighter on May 30, 2021.
             Was the Champion of Okawaru.
             Killed from afar by Xtahua (62 damage)
             ... with a searing blast
             ... on level 2 of the Vaults.
             The game lasted 01:14:44 (36873 turns).

Delamore the Bludgeoner (Gargoyle Fighter)         Turns: 36873, Time: 01:14:45

Health: 0/129      AC: 44    Str: 31    XL:     20   Next: 8%
Magic:  9/9        EV:  8    Int:  7    God:    Okawaru [******]
Gold:   104        SH: 18    Dex: 13    Spells: 23/23 levels left

rFire    . . .     SeeInvis +   r - +5 eveningstar (antimagic)
rCold    + . .     Faith    .   P - +3 kite shield of the Tentacled Griffon {rCorr Int-3 Dex+4}
rNeg     + . .     Spirit   .   U - +4 plate armour {rC+}
rPois    ∞         Reflect  .   X - +2 helmet of the Buccaneer {Will+}
rElec    +         Harm     .   c - +0 cloak {Will+}
rCorr    +         Rampage  .   B - +1 pair of gloves {Str+3}
Will     ++++.                  (no boots)
Stlth    ..........             V - amulet of regeneration
HPRegen  1.31/turn              H - ring of willpower
MPRegen  0.11/turn              T - ring of see invisible

@: about to teleport, flying, studying 2 skills
A: sickness immunity, AC +15, big wings, negative energy resistance 1,
electricity resistance, torment resistance 1, petrification resistance
}: 2/15 runes: serpentine, barnacled
a: Renounce Religion, Heroism, Finesse


You were on level 2 of the Vaults.
You worshipped Okawaru.
Okawaru was exalted by your worship.
You visited 7 branches of the dungeon, and saw 34 of its levels.
You visited 1 bazaar.
You also visited: Sewer.

You collected 6152 gold pieces.
You spent 6048 gold pieces at shops.

Inventory:

Hand Weapons
 r - a +5 antimagic eveningstar (weapon)
 w - a +5 demon whip of electrocution
Missiles
 a - 50 javelins (quivered)
 p - 10 silver javelins
 x - 72 boomerangs
 N - 11 throwing nets
Armour
 c - a +0 cloak of willpower (worn)
 B - a +1 pair of gloves of strength (worn)
 G - a +0 tower shield of protection
 P - the +3 kite shield of the Tentacled Griffon (worn) {rCorr Int-3 Dex+4}
   (You took it off Donald on level 4 of the Snake Pit)

   It affects your intelligence (-3).
   It affects your dexterity (+4).
   It protects you from acid and corrosion.
 U - a +4 plate armour of cold resistance (worn)
 X - the +2 helmet of the Buccaneer (worn) {Will+}
   (Okawaru gifted it to you on level 4 of the Lair of Beasts)

   It increases your willpower.
Jewellery
 k - a +6 ring of strength
 D - a ring of magical power
 H - a ring of willpower (left hand)
 I - a ring of resist corrosion
 K - a ring of protection from cold
 T - a ring of see invisible (right hand)
 V - an amulet of regeneration (around neck)
 W - a ring of protection from fire
Wands
 j - a wand of mindburst (36)
 s - a wand of flame (61)
 y - a wand of iceblast (42)
 C - a wand of digging (22)
 F - a wand of paralysis (40)
 R - a wand of acid (10)
Scrolls
 b - a scroll of holy word
 f - 6 scrolls of enchant armour
 g - 7 scrolls of identify
 i - 2 scrolls of blinking
 l - 2 scrolls of brand weapon
 o - 4 scrolls of immolation
 q - 3 scrolls of amnesia
 t - 3 scrolls of magic mapping
 J - 14 scrolls of teleportation
 L - 2 scrolls of fear
 O - 7 scrolls of fog
 Q - a scroll of silence
Potions
 d - 11 potions of might
 e - a potion of cancellation {unknown}
 h - a potion of invisibility
 m - 6 potions of heal wounds
 n - a potion of berserk rage
 u - 2 potions of ambrosia
 v - 4 potions of haste
 z - 3 potions of magic
 A - 11 potions of curing
 E - 4 potions of mutation
Miscellaneous
 M - a phantom mirror


   Skills:
 + Level 15.1 Fighting
 - Level 16.0 Maces & Flails
 + Level 14.9 Throwing
 - Level 15.0 Armour
 + Level 15.1 Shields
 + Level 2.2 Spellcasting
 - Level 10.0 Invocations
 - Level 10.0 Evocations


You had 23 spell levels left.
You didn't know any spells.
Your spell library contained the following spells:

 Spells                   Type           Power      Damage    Failure   Level
 Animate Skeleton         Necr           0%         N/A       89%         1
 Apportation              Tloc           0%         N/A       89%         1
 Corona                   Hex            0%         N/A       89%         1
 Freeze                   Ice            0%         1d3       89%         1
 Magic Dart               Conj           0%         1d3       89%         1
 Summon Small Mammal      Summ           0%         N/A       89%         1
 Blink                    Tloc           N/A        N/A       96%         2
 Call Imp                 Summ           0%         N/A       96%         2
 Poisonous Vapours        Pois/Air       0%         N/A       96%         2
 Slow                     Hex            0%         N/A       96%         2
 Call Canine Familiar     Summ           0%         N/A       99%         3
 Conjure Flame            Conj/Fire      0%         6-21      99%         3
 Frozen Ramparts          Ice            0%         1d2       99%         3
 Inner Flame              Hex/Fire       0%         N/A       99%         3
 Lesser Beckoning         Tloc           0%         N/A       99%         3
 Mephitic Cloud           Conj/Pois/Air  0%         N/A       99%         3
 Ozocubu's Armour         Ice            0%         N/A       99%         3
 Portal Projectile        Hex/Tloc       0%         N/A       99%         3
 Summon Guardian Golem    Hex/Summ       0%         N/A       99%         3
 Tukima's Dance           Hex            0%         N/A       99%         3
 Cause Fear               Hex            0%         N/A       100%        4
 Hailstorm                Conj/Ice       0%         3d3       100%        4
 Ice Form                 Ice/Tmut       0%         N/A       100%        4
 Leda's Liquefaction      Hex/Erth       0%         N/A       100%        4
 Summon Ice Beast         Ice/Summ       0%         N/A       100%        4
 Summon Lightning Spire   Summ/Air       0%         N/A       100%        4
 Alistair's Intoxication  Tmut/Pois      0%         N/A       100%        5
 Irradiate                Conj/Tmut      0%         3d14      100%        5
 Metabolic Englaciation   Hex/Ice        0%         N/A       100%        5
 Silence                  Hex/Air        0%         N/A       100%        5
 Summon Forest            Summ/Tloc      0%         N/A       100%        5
 Summon Mana Viper        Hex/Summ       0%         N/A       100%        5
 Blade Hands              Tmut           0%         N/A       100%        6
 Dispersal                Tloc           0%         N/A       100%        6
 Freezing Cloud           Conj/Ice/Air   0%         6-21      100%        6
 Invisibility             Hex            0%         N/A       100%        6
 Shadow Creatures         Summ           N/A        N/A       100%        6
 Simulacrum               Ice/Necr       0%         N/A       100%        6
 Dragon Form              Tmut           0%         N/A       100%        7
 Ozocubu's Refrigeration  Ice            0%         4d5       100%        7
 Summon Hydra             Summ           0%         N/A       100%        7
 Statue Form              Tmut/Erth      Unusable   N/A       N/A         6

Dungeon Overview and Level Annotations

Branches:
Dungeon (15/15)            Temple (1/1) D:7            Lair (6/6) D:9
 Shoals (4/4) Lair:4        Snake (4/4) Lair:4        Slime (0/5) Lair:5
    Orc (2/2) D:9             Elf (0/3) Orc:2        Vaults (2/5) D:14
  Crypt (0/3) Vaults:2     Depths (0/5) D:15          Sewer (visited)

Altars:
Ashenzari
Cheibriados
Dithmenos
Elyvilon
Fedhas
Gozag
Hepliaklqana
Kikubaaqudgha
Makhleb
Okawaru
Ru
Sif Muna
Trog
Uskayaw
Vehumet
Wu Jian
Xom
Yredelemnul
Zin
The Shining One
Jiyva

Shops:
D:1 *   D:3 *   D:4 !   D:8 :   Orc:2 [(:**   Shoals:1 :!*((   Shoals:2 *
Shoals:3 [   Snake:1 (?[?   Snake:2 (=   Snake:3 *!

Annotations:
Lair:4 exclusion: oklob plant
Shoals:1 Roxanne
Vaults:2 Xtahua


Innate Abilities, Weirdness & Mutations

You are immune to sickness and miasma.
Your stone body is resilient. (AC +15)
You are immune to poison.
Your large and strong wings let you fly.
You resist negative energy. (rN+)
You are resistant to electric shocks. (rElec)
You are resistant to unholy torment.
You are immune to petrification.


Message History

There is an open door here.
There is a large open door here.
You reach down and open the large door.
There is a large open door here.
There is a large open door here.
There is a large open door here.
There is an open door here.
You reach down and open the door.
Xtahua the Ancient comes into view.
Xtahua roars deafeningly!
You hear a shout!
A deep troll opens the door.
An ironbound preserver comes into view. It is wielding a +0 mace.
Xtahua breathes fire at you. The searing blast hits you!!!
A deep troll comes into view.
There are monsters nearby!
There are monsters nearby!
The deep troll moves out of view.
Xtahua breathes fire at you. The searing blast hits you!!
You hear a shout!
There is an open door here.
Xtahua breathes fire at you. The searing blast hits you!!!!
Ouch! That really hurt!
* * * LOW HITPOINT WARNING * * *
You hear a shout!
Okay, then.
You feel much better.
Okay, then.
You feel much better.
As you read the scroll of teleportation, it crumbles to dust.
You feel strangely unstable.
Xtahua is engulfed in blazing flames.
Xtahua bites you! You block Xtahua's attack.
Xtahua tramples you but does no damage.
You hit Xtahua but do no damage.
Xtahua is lightly wounded.
Xtahua breathes fire at you. The searing blast hits you!!!
You die...

###≈≈###...#....#p,,*
#.#''#.'...##..##,,,*
#).....#....#,.#,,,,*
#......#....#,,#,,,,*
##'######....#,,*,,,,*
#.....#####D########**
#.....##...○.......#
#.###.##D#########.#
#..#..##@#,#?+,,,#.#
#.###.##.#,#.#####.#
#..#..##.#,#....)#.#
#.###.##.#+#...#+#.#
#..#..##.#,....*,#.######
#.###.##.#*###.*,#.#.....
#.....##.+,,,+,*,#.#....)
#.....##.#**######.#....)
#######*,,,........'....)


You could see Xtahua (catching breath).

Vanquished Creatures
  Nikola (Shoals:3)
  Rupert (D:14)
  Polyphemus (Shoals:3)
  4 krakens
  3 nagarajas (Snake:4)
  Kirke (D:14)
  3 vault wardens
  A ghoul (Vaults:2)
  2 ironbound preservers (Vaults:1)
  A stone giant (Orc:2)
  A vampire knight (Vaults:2)
  Nessos (D:13)
  3 ettins
  9 merfolk impalers (Shoals:4)
  The ghost of Froggeryz the Blocker, a journeyman BaFi of Gozag (Lair:4)
  5 merfolk javelineers
  3 vault guards (Vaults:1)
  2 yaktaur captains (Vaults:1)
  Harold (Lair:1)
  2 great orbs of eyes (Vaults:1)
  An ironbound thunderhulk (Vaults:1)
  2 salamander tyrants (Snake:4)
  13 naga warriors
  Fannar (D:11)
  7 hydras
  4 boulder beetles
  2 ice dragons (D:15)
  7 catoblepae
  An ironbound frostheart (Vaults:1)
  8 anacondas
  6 merfolk avatars
  9 centaur warriors
  5 merfolk aquamancers
  2 two-headed ogres
  2 death knights
  3 alligator snapping turtles
  2 satyrs
  3 tengu warriors
  11 death yaks
  An ironbound beastmaster (Vaults:2)
  Sonja (Lair:1)
  Urug (D:13)
  A deep elf knight (D:14)
  3 shock serpents
  A spriggan (Lair:4)
  17 naga sharpshooters
  9 salamander mystics
  22 sea snakes
  2 skeletal warriors
  10 deep trolls (Vaults:1)
  7 ironbound convokers
  A lindwurm (Vaults:2)
  9 naga ritualists
  A phantasmal warrior (Vaults:2)
  2 orc knights
  7 mana vipers
  13 harpies
  A wizard (Vaults:2)
  4 oklob plants (Lair:6)
  12 cyclopes
  26 fauns
  4 deep elf pyromancers
  3 ugly things (Vaults:2)
  2 orc sorcerers (Orc:2)
  10 salamanders
  26 manticores
  24 elephants
  26 naga magi
  Joseph (D:8)
  10 merfolk sirens
  A vault sentinel (Vaults:1)
  27 black mambas
  A guardian serpent (Snake:4)
  3 water nymphs
  2 torpor snails
  15 cane toads
  Maggie (Lair:2)
  3 gargoyles
  12 yaktaurs
  3 rime drakes
  6 komodo dragons
  A kobold demonologist (D:14)
  An efreet (D:15)
  3 freezing wraiths
  3 tengu conjurers
  4 trolls
  29 merfolk
  3 meliai
  2 hornets
  6 wind drakes
  A polar bear (Lair:5)
  A wind drake (shapeshifter) (D:13)
  11 snapping turtles
  12 slime creatures
  4 blink frogs (Lair:2)
  7 dream sheep
  13 water elementals
  3 vampires
  A shadow (D:11)
  9 wyverns
  4 wraiths
  38 yaks
  9 vampire mosquitoes
  3 hogs (D:14)
  9 basilisks
  A steam dragon (D:9)
  3 wargs
  54 nagas
  A naga (shapeshifter) (D:14)
  22 water moccasins
  11 orc warriors
  A swamp drake (D:9)
  5 ogres
  5 boggarts
  15 wolves
  13 centaurs
  A kobold brigand (D:9)
  14 bullfrogs
  A water moccasin skeleton (D:7)
  8 killer bees
  7 wights
  3 electric eels
  8 howler monkeys
  4 bullfrog zombies
  3 hounds
  3 centaur zombies
  6 jellies
  10 orc priests
  5 centaur skeletons
  A gnoll shaman (D:5)
  A bullfrog skeleton (D:6)
  3 iguanas
  24 orc wizards
  A killer bee zombie (D:8)
  A howler monkey zombie (D:11)
  11 adders
  10 gnolls
  3 white imps
  2 worms
  2 adder skeletons
  A dart slug (D:2)
  52 orcs
  10 ball pythons
  6 endoplasms
  7 goblins
  6 hobgoblins
  19 jackals
  3 quokkas
  7 bats
  12 frilled lizards
  20 kobolds
  12 rats
  A butterfly (Lair:6)
  7 tentacles
1069 creatures vanquished.

Vanquished Creatures (collateral kills)
  Donald (Snake:4)
  An anaconda (Snake:4)
2 creatures vanquished.

Vanquished Creatures (others)
  Ilsuiw (Shoals:2)
  A sea snake (Shoals:4)
  18 fungi
  87 plants
  49 tentacles
156 creatures vanquished.

Grand Total: 1227 creatures vanquished

Notes
Turn   | Place    | Note
-------+----------+-------------------------------------------
     0 | D:1      | Delamore the Gargoyle Fighter began the quest for the Orb.
     0 | D:1      | Reached XP level 1. HP: 14/14 MP: 1/1
    83 | D:1      | Found Kagreob's General Store.
   256 | D:1      | Reached XP level 2. HP: 7/19 MP: 2/2
   717 | D:1      | Found a faded altar of an unknown god.
  1283 | D:1      | Reached XP level 3. HP: 24/24 MP: 3/3
  1287 | D:1      | Reached skill level 3 in Maces & Flails
  1724 | D:2      | Found a blossoming altar of Fedhas.
  2560 | D:3      | Reached XP level 4. HP: 27/29 MP: 4/4
  2924 | D:3      | Reached skill level 4 in Maces & Flails
  3014 | D:3      | Found Irepn's Assorted Antiques.
  3022 | D:3      | Bought a fizzy blue potion for 17 gold pieces
  3022 | D:3      | Bought a scroll labelled IHIOCAUM TAUTO for 19 gold pieces
  3022 | D:3      | Bought a fuming emerald potion for 17 gold pieces
  3313 | D:3      | Reached XP level 5. HP: 34/34 MP: 5/5
  3632 | D:4      | Found Kepouhee's Distillery.
  3705 | D:4      | Bought a potion of heal wounds for 70 gold pieces
  3705 | D:4      | Bought a potion of degeneration for 14 gold pieces
  3764 | D:4      | Reached skill level 5 in Maces & Flails
  3777 | D:4      | Found a transporter.
  3789 | D:4      | Found a transporter.
  3877 | D:4      | Reached XP level 6. HP: 32/40 MP: 6/6
  4190 | D:4      | Identified the +1 robe of Konucod {-Tele Fly rElec Will+}
  4206 | D:4      | Reached skill level 5 in Fighting
  4340 | D:5      | Entered Level 5 of the Dungeon
  4394 | D:3      | Bought a tiny citrine amulet for 95 gold pieces
  4553 | D:5      | Reached skill level 6 in Maces & Flails
  4562 | D:5      | Reached XP level 7. HP: 21/44 MP: 5/7
  5265 | D:5      | Reached skill level 7 in Maces & Flails
  5578 | D:5      | You fall into a shaft and drop 2 floors!
  5628 | D:7      | Reached skill level 8 in Maces & Flails
  5684 | D:7      | Noticed a hornet
  5712 | D:6      | Killed a hornet
  5713 | D:6      | Reached XP level 8. HP: 19/49 MP: 3/8
  5844 | D:7      | Reached skill level 9 in Maces & Flails
  6076 | D:6      | Reached skill level 5 in Shields
  6120 | D:6      | Found a glowing drain.
  6138 | Sewer    | Entered a sewer
  7156 | D:6      | Reached XP level 9. HP: 54/54 MP: 9/9
  7433 | D:6      | Reached skill level 10 in Maces & Flails
  7649 | D:7      | Identified the Compendium of Cankerous Translocation
  7661 | D:7      | Found a staircase to the Ecumenical Temple.
  7718 | Temple   | Entered the Ecumenical Temple
  7837 | Temple   | Became a worshipper of Warmaster Okawaru
  8099 | D:7      | Found an opulent altar of Gozag.
  8448 | D:8      | Found Guut's Book Shoppe.
  8469 | D:8      | Noticed Joseph
  8481 | D:8      | Killed Joseph
  8551 | D:8      | Noticed a two-headed ogre
  8556 | D:8      | Killed a two-headed ogre
  8556 | D:8      | Reached * piety under Okawaru
  8557 | D:8      | Reached skill level 11 in Maces & Flails
  9180 | D:9      | Reached XP level 10. HP: 59/59 MP: 10/10
  9407 | D:9      | Reached skill level 12 in Maces & Flails
  9453 | D:9      | Reached ** piety under Okawaru
  9537 | D:9      | Noticed a four-headed hydra
  9545 | D:9      | Killed a four-headed hydra
  9739 | D:9      | Found a hazy altar of Hepliaklqana.
  9817 | D:9      | Reached *** piety under Okawaru
  9973 | D:9      | Reached skill level 13 in Maces & Flails
 10077 | D:9      | Found a staircase to the Lair.
 10350 | D:9      | Found a staircase to the Orcish Mines.
 10362 | D:9      | Reached XP level 11. HP: 51/63 MP: 8/11
 10443 | D:9      | Reached **** piety under Okawaru
 10858 | Lair:1   | Entered Level 1 of the Lair of Beasts
 10939 | Lair:1   | Noticed Harold
 10939 | Lair:1   | Noticed a six-headed hydra
 10965 | Lair:1   | Killed a six-headed hydra
 10966 | Lair:1   | Reached skill level 10 in Shields
 10976 | Lair:1   | Killed Harold
 10977 | Lair:1   | Reached skill level 14 in Maces & Flails
 10989 | Lair:1   | Reached ***** piety under Okawaru
 11328 | Lair:1   | Identified the +10 great mace of Activism {antimagic,
                  | Int+4} (Okawaru gifted it to you on level 1 of the Lair of
                  | Beasts)
 11328 | Lair:1   | Received a gift from Okawaru
 11337 | Lair:1   | Noticed Sonja
 11347 | Lair:1   | Killed Sonja
 11978 | Lair:2   | You fall into a shaft and drop 1 floor!
 12067 | Lair:1   | Reached XP level 12. HP: 22/68 MP: 7/12
 12289 | Lair:2   | Identified the +0 ring mail "Oshupoa" {Will+} (Okawaru
                  | gifted it to you on level 2 of the Lair of Beasts)
 12289 | Lair:2   | Received a gift from Okawaru
 12359 | Lair:2   | Noticed a boulder beetle
 12375 | Lair:2   | Killed a boulder beetle
 12393 | Lair:2   | Noticed Maggie
 12411 | Lair:2   | Killed Maggie
 12930 | Lair:2   | Reached skill level 1 in Throwing
 13168 | Lair:3   | Noticed a five-headed hydra
 13174 | Lair:3   | Killed a five-headed hydra
 13279 | Lair:3   | Noticed a seven-headed hydra
 13286 | Lair:3   | Killed a seven-headed hydra
 13286 | Lair:3   | Received a gift from Okawaru
 13287 | Lair:3   | Reached skill level 5 in Armour
 13836 | Lair:4   | Found a staircase to the Snake Pit.
 13855 | Lair:4   | Reached skill level 15 in Shields
 13894 | Lair:4   | Reached ****** piety under Okawaru
 14152 | Lair:4   | Reached XP level 13. HP: 57/72 MP: 13/13
 14159 | Lair:4   | Received a gift from Okawaru
 14371 | Lair:4   | Found a runed translucent door.
 14373 | Lair:4   | Noticed Froggeryz's ghost (journeyman BaFi)
 14375 | Lair:4   | Identified the +6 trident of the Forgotten Songs {flame,
                  | Int+3}
 14406 | Lair:4   | Identified the +2 helmet of the Buccaneer {Will+} (Okawaru
                  | gifted it to you on level 4 of the Lair of Beasts)
 14406 | Lair:4   | Received a gift from Okawaru
 14407 | Lair:4   | Reached skill level 5 in Throwing
 14582 | Lair:4   | Found a staircase to the Shoals.
 14728 | Lair:4   | Killed Froggeryz's ghost
 14741 | Lair:4   | Identified the ring of the Final Decision {rElec Int+6}
 14793 | Shoals:1 | Entered Level 1 of the Shoals
 15505 | Lair:5   | Found a viscous altar of Jiyva.
 15506 | Lair:5   | Found a staircase to the Slime Pits.
 16044 | Lair:6   | Entered Level 6 of the Lair of Beasts
 16048 | Lair:6   | Identified a scroll of acquirement
 16049 | Lair:6   | Acquired a +5 demon whip of electrocution
 16134 | Lair:6   | Reached skill level 10 in Armour
 16238 | Lair:6   | Received a gift from Okawaru
 16258 | Lair:6   | Gained mutation: Your large and strong wings let you fly.
                  | [Gargoyle growth]
 16258 | Lair:6   | Reached XP level 14. HP: 66/78 MP: 14/14
 16432 | Lair:6   | Received a gift from Okawaru
 16498 | Lair:6   | Reached skill level 1 in Invocations
 16506 | Lair:6   | Received a gift from Okawaru
 16541 | Lair:6   | Received a gift from Okawaru
 16627 | Lair:6   | Reached skill level 10 in Throwing
 17077 | Lair:6   | Reached skill level 5 in Invocations
 17197 | Lair:6   | Acquired a manual of Spellcasting
 17626 | Orc:1    | Entered Level 1 of the Orcish Mines
 17780 | Orc:2    | Entered Level 2 of the Orcish Mines
 17791 | Orc:2    | Found Qiffulusm's General Store.
 17833 | Orc:2    | Found Biowilek's General Store.
 17920 | Orc:2    | Bought the +6 shillelagh "Devastator" {shatter} for 900
                  | gold pieces
 17920 | Orc:2    | Found the +6 shillelagh "Devastator" {shatter}
 17920 | Orc:2    | Bought a scroll of immolation for 52 gold pieces
 17936 | Orc:2    | Found a staircase to the Elven Halls.
 18019 | Orc:2    | Noticed a stone giant
 18032 | Orc:2    | Received a gift from Okawaru
 18039 | Orc:2    | Killed a stone giant
 18085 | Orc:2    | Found Suov's Antique Weapon Shop.
 18117 | Orc:2    | Found Anoeghao's Antique Armour Shop.
 18156 | Orc:2    | Reached XP level 15. HP: 50/90 MP: 20/20
 18272 | Orc:2    | Found Lyduuv's Book Emporium.
 18708 | Orc:2    | Bought a shiny plate armour for 598 gold pieces
 18708 | Orc:2    | Bought a runed plate armour for 598 gold pieces
 19252 | D:10     | Entered Level 10 of the Dungeon
 19497 | D:10     | Received a gift from Okawaru
 20417 | D:11     | Identified the ring of Ceimim {Wiz Str+6 Slay-4}
 20457 | D:11     | Noticed Fannar
 20485 | D:11     | Killed Fannar
 20486 | D:11     | Reached skill level 10 in Fighting
 20830 | D:12     | Identified the +1 flail of Keoskag {drain, Fly Dex+4}
                  | (Okawaru gifted it to you on level 12 of the Dungeon)
 20830 | D:12     | Received a gift from Okawaru
 21657 | D:13     | Noticed Nessos
 21666 | D:13     | Killed Nessos
 21729 | D:13     | Reached skill level 10 in Invocations
 21946 | D:13     | Noticed Urug
 21953 | D:13     | Killed Urug
 21999 | D:13     | Received a gift from Okawaru
 22532 | D:14     | Received a gift from Okawaru
 22541 | D:14     | Found a gate to the Vaults.
 22806 | D:14     | Noticed Kirke
 22829 | D:14     | Killed Kirke
 22971 | D:14     | Noticed Rupert
 22987 | D:14     | Killed Rupert
 23444 | D:15     | Entered Level 15 of the Dungeon
 23463 | D:15     | Reached XP level 16. HP: 89/99 MP: 23/23
 24165 | D:15     | Found a staircase to the Depths.
 24626 | Snake:1  | Entered Level 1 of the Snake Pit
 24647 | Snake:1  | Received a gift from Okawaru
 24770 | Snake:1  | Reached skill level 1 in Evocations
 24908 | Snake:1  | Found Agaitt's Magic Scroll Boutique.
 24997 | Snake:1  | Bought a scroll of acquirement for 780 gold pieces
 24997 | Snake:1  | Acquired 1260 gold pieces
 24999 | Snake:1  | Bought a scroll of fog for 30 gold pieces
 24999 | Snake:1  | Bought a scroll of teleportation for 45 gold pieces
 24999 | Snake:1  | Bought a scroll of fog for 30 gold pieces
 24999 | Snake:1  | Bought a scroll of teleportation for 45 gold pieces
 24999 | Snake:1  | Bought a scroll of teleportation for 45 gold pieces
 24999 | Snake:1  | Bought a scroll of identify for 30 gold pieces
 24999 | Snake:1  | Bought a scroll of enchant weapon for 112 gold pieces
 25365 | Snake:1  | Found Adghunt's Magic Scroll Shop.
 25367 | Snake:1  | Found Dyekhib's Antique Armour Shoppe.
 25379 | Snake:1  | Bought a scroll of magic mapping for 59 gold pieces
 25379 | Snake:1  | Bought a scroll of enchant weapon for 127 gold pieces
 25379 | Snake:1  | Bought a scroll of magic mapping for 59 gold pieces
 25379 | Snake:1  | Bought a scroll of enchant armour for 127 gold pieces
 25383 | Snake:1  | Bought a jewelled chain mail for 266 gold pieces
 25383 | Snake:1  | Identified the +7 chain mail "Cufiut" {rC+ Will+ Int-2}
                  | (You bought it in a shop on level 1 of the Snake Pit)
 25543 | Snake:1  | Found Luem's Weapon Shoppe.
 25876 | Snake:2  | Found Ruev's Jewellery Boutique.
 25876 | Snake:2  | Found Qeosah's Antique Weapon Shop.
 26019 | Snake:2  | Received a gift from Okawaru
 26020 | Snake:2  | Reached skill level 15 in Maces & Flails
 26450 | Snake:3  | Found Wux Iget's Assorted Antiques.
 26628 | Snake:3  | Reached skill level 5 in Evocations
 26651 | Snake:3  | Reached XP level 17. HP: 37/106 MP: 19/24
 26654 | Snake:3  | Received a gift from Okawaru
 26907 | Snake:3  | Identified the +7 arbalest "Locw" {venom, Contam rF+ Str+3}
                  | (Okawaru gifted it to you on level 3 of the Snake Pit)
 26907 | Snake:3  | Received a gift from Okawaru
 26934 | Snake:3  | Found Moboxt's Distillery.
 26942 | Snake:3  | Bought a potion of curing for 39 gold pieces
 26942 | Snake:3  | Bought a potion of heal wounds for 65 gold pieces
 26942 | Snake:3  | Bought a potion of heal wounds for 65 gold pieces
 27236 | Snake:4  | Entered Level 4 of the Snake Pit
 27304 | Snake:4  | Found a radiant altar of Vehumet.
 27763 | Snake:4  | Identified the +3 kite shield of the Tentacled Griffon
                  | {rCorr Int-3 Dex+4}
 27763 | Snake:4  | Noticed Donald
 27780 | Snake:4  | Killed Donald
 27807 | Snake:4  | Acquired a +0 cloak of willpower
 28082 | Snake:4  | Identified the +5 great mace "Veoh" {holy, rPois rN+}
                  | (Okawaru gifted it to you on level 4 of the Snake Pit)
 28082 | Snake:4  | Received a gift from Okawaru
 28223 | Snake:4  | Received a gift from Okawaru
 28241 | Snake:4  | Received a gift from Okawaru
 28634 | Snake:4  | Got a serpentine rune of Zot
 28746 | Snake:4  | Reached XP level 18. HP: 113/113 MP: 25/25
 28897 | Shoals:1 | Found Mots's Weapon Emporium.
 28923 | Shoals:1 | Found Kengij's Assorted Antiques.
 29164 | Shoals:1 | Identified Roxanne's Guide on the Rocks
 29164 | Shoals:1 | Noticed Roxanne
 29167 | Shoals:1 | Found Kaony's Distillery.
 29169 | Shoals:1 | Found Ynyo's Book Shop.
 29175 | Shoals:1 | Bought a potion of heal wounds for 75 gold pieces
 29175 | Shoals:1 | Bought a potion of might for 60 gold pieces
 29175 | Shoals:1 | Bought a potion of heal wounds for 75 gold pieces
 29175 | Shoals:1 | Bought a potion of heal wounds for 75 gold pieces
 29175 | Shoals:1 | Bought a potion of heal wounds for 75 gold pieces
 29175 | Shoals:1 | Bought a potion of might for 60 gold pieces
 29562 | Shoals:1 | Found Exomnumo's Antique Weapon Emporium.
 30359 | Shoals:2 | Received a gift from Okawaru
 30607 | Shoals:2 | Received a gift from Okawaru
 30631 | Shoals:2 | Reached skill level 16 in Maces & Flails
 30688 | Shoals:2 | Noticed Ilsuiw
 30712 | Shoals:2 | Killed Ilsuiw
 30944 | Shoals:2 | Found Henuenk's General Store.
 31153 | Shoals:3 | Found Zucefoh's Antique Armour Shop.
 31298 | Shoals:3 | Received a gift from Okawaru
 31588 | Shoals:3 | Reached skill level 10 in Evocations
 31593 | Shoals:3 | Noticed Nikola
 31618 | Shoals:3 | Killed Nikola
 31987 | Shoals:3 | Noticed Polyphemus
 32032 | Shoals:3 | Killed Polyphemus
 32319 | Shoals:4 | Entered Level 4 of the Shoals
 32334 | Shoals:4 | Reached XP level 19. HP: 109/120 MP: 8/26
 32944 | Shoals:4 | Received a gift from Okawaru
 33214 | Shoals:4 | Acquired 442 gold pieces
 33821 | Shoals:4 | Got a barnacled rune of Zot
 34233 | Shoals:4 | Received a gift from Okawaru
 34860 | Vaults:1 | Entered Level 1 of the Vaults
 34879 | Vaults:1 | Identified Uwext's Tome of the Traveller and Beguiling
 34985 | Vaults:1 | Reached skill level 15 in Fighting
 34993 | Vaults:1 | Reached skill level 15 in Armour
 36370 | Vaults:2 | Found a flickering gateway to a bazaar.
 36382 | Bazaar   | Entered a bazaar
 36403 | Bazaar   | Found Qafraerage's Book Shoppe.
 36419 | Bazaar   | Found Meamaose's Book Emporium.
 36435 | Bazaar   | Found Puudegug's Armour Shoppe.
 36435 | Bazaar   | Found Yraikhe's Antique Armour Emporium.
 36506 | Bazaar   | Bought a manual of Maces & Flails for 1324 gold pieces
 36586 | Vaults:2 | Reached XP level 20. HP: 129/129 MP: 9/27
 36612 | Vaults:2 | Reached skill level 1 in Spellcasting
 36637 | Vaults:2 | Received a gift from Okawaru
 36660 | Vaults:2 | Found a staircase to the Crypt.
 36859 | Vaults:2 | Noticed Xtahua
 36868 | Vaults:2 | HP: 5/129 [Xtahua/searing blast (72)]
 36873 | Vaults:2 | Killed from afar by Xtahua

Illustrated notes

Levels and vault maps discovered:
D:1:      minmay_arrival_loop, layout_basic, shapermc_ecumenical_altar_venn,
          serial_shops, nicolae_shop_waterfront
D:2:      layout_basic, basic_altar, minmay_pentomino_v4
D:3:      layout_loops_ring, serial_shops, shop, minmay_puff
D:4:      gammafunk_steamed_eel, layout_cave_pools, serial_shops, shop,
          serial_bayou_pond_e, minmay_misc_feat_roman, minmay_stone_trees_medium
D:5:      layout_loops_corners
D:6:      layout_gridville, portal_sewer_entry_b, dk_rats_in_the_wall
D:7:      layout_gridville, grunt_gozag_breadcrumbs, minmay_temple_entry_tees,
          minivault_11, minmay_door_square, grunt_ministairs_7
D:8:      layout_loops_ring, serial_shops, kennysheep_mini_moat, uniq_joseph
D:9:      layout_stronghold, lemuel_crystal_altar, erik_lair_dragon, erik_orc_1
D:10:     minmay_recursive_quarters, layout_rooms
D:11:     layout_cross, lemuel_flame_loot_1, uniq_fannar
D:12:     layout_loops_ring, hangedman_decor_growths, lemuel_flamethrower_2
D:13:     layout_rooms, uniq_urug, uniq_nessos
D:14:     layout_loops_corners, hangedman_vaults_entry_quadrant_bands,
          uniq_rupert, uniq_kirke
D:15:     grunt_enter_depths_hoard, layout_long_grid,
          chequers_serial_rivers_marsh
Temple:   regret_index_temple_chain_breaker
Lair:1:   layout_regular_city, grunt_forest_stairs_basic, uniq_harold,
          uniq_sonja
Lair:2:   layout_gridlike, uniq_maggie
Lair:3:   layout_concentric_octagons, infiniplex_staircase_pool,
          lemuel_fruit_fields, grunt_megastairs_3
Lair:4:   layout_gridlike, minmay_shoals_entry_lonely_mermaid,
          minmay_snake_entry_six_corridors, ebering_ghost_funeral_grove,
          infiniplex_staircase_pool_2
Lair:5:   layout_layer_cave, slime_altar_1
Lair:6:   evilmike_catoblepas_cave, layout_loops_ring, grunt_megastairs_2,
          lemuel_fruit_fields, minmay_lair_oklob_chamber
Shoals:1: layout_shoals, serial_shops, nicolae_shop_crystal, shop,
          nicolae_shop_overgrown_old_shop, shop_statue, shop,
          nicolae_shoals_kraken_intersection, uniq_roxanne
Shoals:2: layout_shoals, serial_shops, nicolae_shop_window_shopping, uniq_ilsuiw
Shoals:3: layout_shoals, serial_shops, nicolae_shop_crystal, uniq_polyphemus,
          uniq_nikola
Shoals:4: shoals_end_hangedman, layout_shoals,
          nicolae_shoals_stone_sculpture_thing
Snake:1:  layout_onion, serial_shops, shop, nicolae_shop_trees, shop,
          nicolae_shop_stone, lemuel_fruit_tree, grunt_megastairs_1
Snake:2:  nicolae_sea_snake_s, layout_cave_shapes, minmay_shoptagon,
          serial_bayou_shore_a
Snake:3:  layout_cave_town, serial_shops,
          nicolae_shop_competitors_out_of_business, nicolae_shop_behind_doors
Snake:4:  snake_pit, layout_onion, special_room, basic_altar, uniq_donald
Orc:1:    layout_caves, rock_pile
Orc:2:    grunt_orc_gardens, layout_caves, grunt_orc_garden, grunt_orc_garden,
          grunt_orc_garden, grunt_orc_garden, serial_shops, shop
Vaults:1: hangedman_vaults_trim, nicolae_vaults_ring_of_whatevers,
          hangedman_vaults_restitches, ontoclasm_vaults_twist,
          hangedman_vaults_impose, v_pattern_3, hangedman_vaults_capsules,
          nicolae_vaults_three_branches, grunt_vaults_hallway_long,
          layout_vaults_omnigrid
Vaults:2: v_misc_3, nicolae_vaults_ninety_degrees, v_misc_4,
          nicolae_vaults_windows_and_doors_thing, vaults_room_octagon,
          v_misc_16, ontoclasm_vaults_misaligned, vaults_room_boxed, v_misc_29,
          v_misc_14, minmay_crypt_entry_simple_walls,
          ontoclasm_vaults_decontamination, nicolae_vaults_shelves_hall,
          layout_vaults_ring, serial_shops, bzr_firewalk, uniq_xtahua

Skill      XL: |  1  2  3  4  5  6  7  8  9 10 11 12 13 14 15 16 17 18 19 20 |
---------------+-------------------------------------------------------------+-----
Maces & Flails | 3 4 5 6 8 9 11 13 14 15 16 | 16.0
Fighting       | 4 5 9 10 12 13 15 | 15.1
Shields        | 4 5 7 9 13 15 | 15.1
Throwing       | 4 8 10 11 12 13 14 | 14.9
Armour         | 6 10 12 13 15 | 15.0
Invocations    | 7 10 | 10.0
Evocations     | 5 8 10 | 10.0
Spellcasting   | 2 |  2.2

Action                   |  1- 3 |  4- 6 |  7- 9 | 10-12 | 13-15 | 16-18 | 19-21 || total
-------------------------+-------+-------+-------+-------+-------+-------+-------++-------
Melee: Flail             |   161 |   146 |   286 |   435 |   224 |       |       ||  1252
       Demon whip        |       |       |       |       |   866 |  1053 |       ||  1919
       Shillelagh        |       |       |       |       |   113 |       |       ||   113
       Eveningstar       |       |       |       |       |       |   638 |   724 ||  1362
Throw: Boomerang         |       |       |       |       |    35 |    47 |    37 ||   119
       Javelin           |       |       |       |       |       |    26 |    16 ||    42
Invok: Heroism           |       |       |       |     1 |     4 |     3 |     4 ||    12
       Finesse           |       |       |       |       |     3 |     6 |     4 ||    13
Evoke: Wand              |       |     3 |     5 |    12 |     2 |     9 |     1 ||    32
       Phantom mirror    |       |       |       |       |       |     1 |       ||     1
  Use: Potion            |     1 |       |     1 |       |       |     4 |     7 ||    13
       Scroll            |       |     9 |     1 |     6 |     7 |    11 |     6 ||    40
 Stab: Distracted        |       |       |     2 |     6 |     1 |       |       ||     9
       Paralysed         |       |       |       |    11 |     2 |       |       ||    13
       Confused          |       |       |       |     1 |       |       |       ||     1
       Petrified         |       |       |       |       |       |     8 |       ||     8
Armor: Scale mail        |   113 |    81 |   108 |       |       |       |       ||   302
       Chain mail        |       |       |    12 |   160 |   234 |       |       ||   406
       Plate armour      |       |       |       |       |   143 |   736 |   460 ||  1339
Dodge: Dodged            |    71 |    32 |   127 |    74 |   188 |   311 |   161 ||   964
Block: Kite shield       |   121 |    76 |   164 |   218 |   610 |  1141 |   666 ||  2996

Table legend: (Time is in decaauts)
 A = Elapsed time spent in this place.
 B = Non-inter-level travel time spent in this place.
 C = Inter-level travel time spent in this place.
 D = Time resting spent in this place.
 E = Time spent auto-exploring this place.
 F = Levels seen in this place.
 G = Mean time per level.
                   A        B        C        D        E       F      G
               +--------+--------+--------+--------+--------+-----+--------+
         Total |  35548 |  32855 |   2693 |   2631 |  23241 |  36 |  987.4 |
       Dungeon |  15432 |  14102 |   1330 |   1163 |  10533 |  15 | 1028.8 |
        Temple |    135 |    107 |     28 |      0 |    105 |   1 |  135.0 |
          Lair |   6661 |   5978 |    683 |    461 |   4331 |   6 | 1110.2 |
        Shoals |   5255 |   5069 |    186 |    641 |   2898 |   4 | 1313.8 |
     Snake Pit |   3776 |   3596 |    180 |    270 |   2413 |   4 |  944.0 |
  Orcish Mines |   1520 |   1336 |    184 |     96 |    939 |   2 |  760.0 |
        Vaults |   1742 |   1641 |    101 |      0 |   1315 |   2 |  871.0 |
        Bazaar |    164 |    164 |      0 |      0 |     85 |   1 |  164.0 |
         Sewer |    858 |    858 |      0 |      0 |    622 |   1 |  858.0 |
               +--------+--------+--------+--------+--------+-----+--------+

Top non-repeatable levels by time:
     D:9: 2021 daAuts
     D:1: 1815 daAuts
Shoals:4: 1716 daAuts
Shoals:3: 1397 daAuts
 Snake:4: 1357 daAuts
Vaults:1: 1357 daAuts
  Lair:1: 1351 daAuts
     D:5: 1293 daAuts
  Lair:5: 1287 daAuts
    D:14: 1249 daAuts
  Lair:6: 1222 daAuts
  Lair:4: 1106 daAuts
     D:3: 1104 daAuts
Shoals:1: 1093 daAuts
     D:7: 1064 daAuts
